AoeStats
← UWU

Arena

508280610Analyzed
4v4 RM · 9d ago on Sep 21, 2026· 62m 51s· 8 players
Game mode
Random Map
Map size
Large (8 player)
Population
200
Speed
Normal
Resources
Standard
Victory
Conquest
Starting age
Dark Age
Ending age
Imperial Age
RankedLock teamsTeams togetherTeam positionsShared explorationLock speedFull tech treeHidden civsTurbo modeCheats
Victory
Defeat
🇦🇷 Slavs · Argentina
837
+13
🇱🇺 Hindustanis · Luxembourg
819
+14
🇩🇪 Celts · Germany
816
+14
🇨🇿 Khmer · Czechia
653
+21
🇨🇿 Teutons · Czechia
834
-18
🇨🇿 Bohemians · Czechia
789
-16
🇨🇳 Huns · China
757
-15
🇩🇰 Mongols · Denmark
711
-13
xporx57248
4:02 Loom
12:03 Feudal Age
13:06 Double-Bit Axe
16:24 Castle Age
14:17 Horse Collar
17:27 Heavy Plow
17:40 Bow Saw
20:21 Wheelbarrow
23:38 Hand Cart
23:01 Pikeman
27:48 Gold Mining
27:50 Stone Mining
32:42 Imperial Age
31:14 Marauders
31:56 Gold Shaft Mining
32:02 Husbandry
32:15 Bloodlines
32:19 Forging
32:15 Scale Barding Armor
32:35 Squires
32:21 Arson
34:34 Two-Man Saw
33:57 Conscription
33:36 Elite Tarkan
35:21 Iron Casting
34:56 Halberdier
44:17 Blast Furnace
43:37 Chain Barding Armor
49:57 Light Cavalry
52:31 Hussar
KampH
4:37 Loom
11:56 Feudal Age
13:18 Wheelbarrow
12:43 Double-Bit Axe
18:52 Castle Age
17:06 Horse Collar
21:34 Scale Mail Armor
22:54 Pikeman
23:35 Squires
23:55 Chain Mail Armor
33:06 Bow Saw
36:40 Hand Cart
37:42 Stone Mining
39:08 Stone Shaft Mining
41:16 Fletching
42:01 Town Watch
43:08 Town Patrol
45:25 Heavy Plow
48:54 Imperial Age
47:48 Forging
47:35 Bodkin Arrow
49:16 Gold Mining
49:05 Elite Mangudai
49:50 Nomads
50:12 Conscription
50:13 Thumb Ring
50:44 Bloodlines
50:37 Husbandry
51:19 Parthian Tactics
52:30 Iron Casting
51:56 Bracer
51:57 Padded Archer Armor
53:21 Ballistics
54:02 Chemistry
55:09 Blast Furnace
57:09 Hoardings
57:11 Leather Archer Armor
57:04 Scale Barding Armor
58:46 Light Cavalry
59:21 Hussar
61:24 Gold Shaft Mining
UWU
10:08 Feudal Age
8:53 Loom
11:33 Double-Bit Axe
18:30 Castle Age
16:32 Horse Collar
20:18 Bow Saw
26:59 Town Watch
31:31 Imperial Age
29:31 Heavy Plow
29:23 Gold Mining
29:24 Stone Mining
Gandalf_citronek
12:17 Feudal Age
14:27 Double-Bit Axe
16:42 Horse Collar
22:43 Castle Age
28:00 Bow Saw
Heinlemann
10:28 Feudal Age
11:28 Double-Bit Axe
17:27 Castle Age
15:20 Horse Collar
18:53 Scale Barding Armor
18:58 Forging
30:01 Wheelbarrow
30:00 Fletching
30:10 Padded Archer Armor
32:02 Scale Mail Armor
31:59 Bodkin Arrow
32:04 Padded Archer Armor
33:13 Hand Cart
33:56 Chain Mail Armor
34:16 Iron Casting
34:25 Stronghold
35:12 Iron Casting
34:49 Padded Archer Armor
40:46 Imperial Age
41:07 Leather Archer Armor
42:55 Plate Mail Armor
42:46 Chain Barding Armor
43:27 Blast Furnace
45:08 Pikeman
52:11 Blast Furnace
51:41 Ring Archer Armor
51:53 Conscription
54:07 Arson
58:12 Halberdier
59:49 Capped Ram
60:58 Bow Saw
62:20 Furor Celtica
63:11 Ballistics
lil_luzツ
11:10 Feudal Age
11:45 Double-Bit Axe
11:48 Horse Collar
18:42 Castle Age
17:19 Fletching
19:55 Bow Saw
20:11 Bodkin Arrow
20:24 Heavy Plow
33:18 Imperial Age
31:49 Grand Trunk Road
34:03 Bracer
34:36 Conscription
35:54 Chemistry
35:14 Ballistics
35:29 Padded Archer Armor
36:26 Leather Archer Armor
36:55 Fortified Wall
36:56 Masonry
38:33 Shatagni
40:12 Two-Man Saw
41:37 Ring Archer Armor
42:56 Gold Mining
mateakd2013
11:19 Feudal Age
16:37 Castle Age
14:43 Double-Bit Axe
16:57 Horse Collar
20:53 Man-at-Arms
23:57 Long Swordsman
31:53 Detinets
38:56 Imperial Age
41:04 Imperial Age
47:12 Loom
55:22 Elite Boyar
56:51 Capped Ram
57:33 Two-Handed Swordsman
58:02 Siege Ram
61:24 Champion
62:10 Squires
Notgreat Notterrible
0:28 Loom
11:21 Feudal Age
12:03 Town Watch
13:29 Double-Bit Axe
16:14 Horse Collar
17:47 Gold Mining
20:26 Castle Age
19:02 Stone Mining
22:12 Town Patrol
22:55 Bow Saw
22:49 Heavy Plow
23:40 Gold Shaft Mining
23:47 Stone Shaft Mining
25:49 Arson
29:15 Pikeman
32:26 Fortified Wall
32:36 Ballistics
32:07 Heated Shot
32:13 Murder Holes
32:29 Masonry
32:37 Scale Barding Armor
32:32 Scale Mail Armor
32:33 Padded Archer Armor
32:23 Fletching
32:44 Forging
33:42 Chain Barding Armor
36:40 Imperial Age
34:46 Wheelbarrow
34:42 Chain Mail Armor
36:24 Hand Cart
38:00 Halberdier
39:23 Iron Casting
45:11 Crop Rotation
45:45 Chemistry
44:51 Siege Engineers
45:16 Architecture
45:24 Plate Barding Armor
45:04 Leather Archer Armor
44:45 Bodkin Arrow
45:50 Blast Furnace
45:16 Conscription
44:56 Double Crossbow
44:57 Tusk Swords
45:32 Hoardings
44:22 Heavy Scorpion
44:26 Capped Ram
45:53 Caravan
Connection lost

Rejoining the realm…

Still unreachable

The connection could not be restored.

Session expired

The server has moved on; the page needs a fresh start.